[Event "Swedish Chess Championship 2019: Weekend 1"]
[Site "Stiga Sports Arena, Arenatorget 1, Eskilstuna, Sweden"]
[Date "2019.07.07"]
[Round "4.12"]
[White "Berglund, Nils-Erik"]
[Black "Nyberg, Stefan"]
[Result "1-0"]
[TimeControl "90 minutes + 30 seconds per move from move one"]
[WhiteFideId "1710494"]
[BlackFideId "1737171"]
[WhiteElo "1926"]
[BlackElo "1921"]

1. d4 d5 2. c4 e6 3. Nf3 Nf6 4. g3 Be7 5. Bg2 O-O 6. O-O c6 7. b3 b6 8. Bb2 Nbd7 9. Nbd2 Bb7 10.
Re1 c5 11. e3 Rc8 12. Rc1 Re8 13. Ne5 Ba8 14. Ndf3 Nxe5 15. Nxe5 dxc4 16. Bxa8 Rxa8 17. Nc6 Qd7 18. Nxe7+ Qxe7 19.
Rxc4 cxd4 20. Bxd4 e5 21. Bb2 Qe6 22. Qe2 Rad8 23. Rec1 h6 24. Rc7 Ne4 25. R7c2 Ng5 26. h4 Ne4 27.
Kh2 Nc5 28. Rd1 e4 29. Rxd8 Rxd8 30. Bd4 Nd3 31. Rc7 Rc8 32. Rxc8+ Qxc8 33. Bb2 a6 34.
a3 b5 35. Kg2 Qe6 36. Qd2 Qxb3 37. Bc3 Qxa3 38. f3 f5 39. g4 b4 40. Bd4 g6 41. gxf5 gxf5 42. fxe4 Qc1 43. Qxd3 fxe4 44.
Qxe4 Qd2+ 45. Kh3 1-0

[Event "Swedish Chess Championship 2019: Weekend 1"]
[Site "Stiga Sports Arena, Arenatorget 1, Eskilstuna, Sweden"]
[Date "2019.07.07"]
[Round "5.1"]
[White "Jakenberg, Jussi"]
[Black "Westerberg, Jonathan"]
[Result "0-1"]
[TimeControl "90 minutes + 30 seconds per move from move one"]
[BlackTitle "IM"]
[WhiteFideId "1710931"]
[BlackFideId "1701754"]
[WhiteElo "2099"]
[BlackElo "2546"]

1. e4 c5 2. Nf3 Nc6 3. Bb5 g6 4. Bxc6 dxc6 5. d3 Bg7 6. h3 Nf6 7. Nc3 Nd7 8. Be3 e5 9. Qd2 h6 10.
a3 a5 11. O-O Qe7 12. Nh2 a4 13. Rfb1 Nf8 14. b3 axb3 15. cxb3 Ne6 16. Na4 Ra6 17. Rc1 b6 18. Qd1 O-O 19.
Nf3 Bd7 20. Nb2 Nd4 21. a4 f5 22. Bxd4 cxd4 23. Nd2 f4 24. Nbc4 Rfa8 25. Rcb1 b5 26. axb5 cxb5 27. Nb2 Qb4 28.
Rxa6 Rxa6 29. Nf3 Ra2 30. Qe1 Qc3 0-1

[Event "Swedish Chess Championship 2019: Weekend 1"]
[Site "Stiga Sports Arena, Arenatorget 1, Eskilstuna, Sweden"]
[Date "2019.07.07"]
[Round "5.2"]
[White "Mardell, Jonas"]
[Black "Namini, Armin"]
[Result "1/2-1/2"]
[TimeControl "90 minutes + 30 seconds per move from move one"]
[WhiteFideId "1705636"]
[BlackFideId "1706322"]
[WhiteElo "2024"]
[BlackElo "2241"]

1. e4 c5 2. c3 Nf6 3. e5 Nd5 4. d4 cxd4 5. Qxd4 e6 6. Bc4 Nc6 7. Qe4 d6 8. Nf3 dxe5 9. Nxe5 Nxe5 10.
Qxe5 Qf6 11. Qg3 Bd7 12. Bg5 Qg6 13. Bxd5 exd5 14. O-O h6 15. Re1+ Be6 16. Bf4 Qxg3 17. Bxg3 Kd7 18. Be5 f6 19.
Bd4 Bd6 20. a4 Bf7 21. Na3 Rhe8 22. Nb5 a6 1/2-1/2

[Event "Swedish Chess Championship 2019: Weekend 1"]
[Site "Stiga Sports Arena, Arenatorget 1, Eskilstuna, Sweden"]
[Date "2019.07.07"]
[Round "5.3"]
[White "Tolen, Michael"]
[Black "Eriksson, Kristian"]
[Result "1/2-1/2"]
[TimeControl "90 minutes + 30 seconds per move from move one"]
[WhiteFideId "1714376"]
[BlackFideId "1705172"]
[WhiteElo "2026"]
[BlackElo "2123"]

1. e4 e6 2. d4 d5 3. Nc3 Bb4 4. e5 c5 5. a3 Bxc3+ 6. bxc3 Ne7 7. Nf3 Nbc6 8. Bd3 Qc7 9. O-O c4 10. Be2 Bd7 11. a4 O-O-O 12. Ba3 f6 13. a5 Be8 14. Qd2 Ng6 15.
Bd6 Rxd6 16. exd6 Qxd6 17. Rfb1 Nce7 18. Rb4 Bc6 19. Qc1 Nf5 20. Qb2 Qc7 21. Nd2 Nd6 22. Re1 a6 23. Rb6 Nb5 1/2-1/2

[Event "Swedish Chess Championship 2019: Weekend 1"]
[Site "Stiga Sports Arena, Arenatorget 1, Eskilstuna, Sweden"]
[Date "2019.07.07"]
[Round "5.4"]
[White "Nordebrink, Johan"]
[Black "Johansson, Roland"]
[Result "1-0"]
[TimeControl "90 minutes + 30 seconds per move from move one"]
[WhiteFideId "1706721"]
[BlackFideId "1716123"]
[WhiteElo "2109"]
[BlackElo "2002"]

1. e4 c5 2. c3 d5 3. exd5 Qxd5 4. d4 e5 5. dxe5 Qxe5+ 6. Be3 Nf6 7. Nf3 Qd6 8. Na3 Qxd1+ 9. Rxd1 Be7 10.
Nb5 Na6 11. Ne5 Ng4 12. Nxg4 Bxg4 13. Be2 Bxe2 14. Kxe2 f6 15. Kf3 Kf7 16. Rd7 b6 17. Rhd1 Nb8 18. Rc7 Na6 19. Rb7 Rhb8 20.
Rdd7 Rxb7 21. Rxb7 Ke6 22. Nxa7 Rb8 23. Rxe7+ Kxe7 24. Nc6+ Ke6 25. Nxb8 Nxb8 26. c4 Nc6 27. Ke2 g5 28.
Kd2 Kf5 29. Kc3 Ke4 30. a3 h6 31. h4 Ne5 32. hxg5 hxg5 33. b4 Ng4 34. bxc5 Nxe3 35. cxb6 Nxg2 36. b7 f5 37. b8=Q f4 38.
Qb7+ 1-0

[Event "Swedish Chess Championship 2019: Weekend 1"]
[Site "Stiga Sports Arena, Arenatorget 1, Eskilstuna, Sweden"]
[Date "2019.07.07"]
[Round "5.5"]
[White "Andric, Jelena"]
[Black "Svorono, Gabriel"]
[Result "0-1"]
[TimeControl "90 minutes + 30 seconds per move from move one"]
[WhiteTitle "WFM"]
[WhiteFideId "919853"]
[BlackFideId "1715623"]
[WhiteElo "2099"]
[BlackElo "2098"]

1. c4 e5 2. Nc3 Nf6 3. g3 d5 4. cxd5 Nxd5 5. Bg2 Be6 6. Nf3 Nc6 7. O-O Bc5 8. d3 Nxc3 9. bxc3 O-O 10.
Ng5 Bd7 11. Rb1 Bb6 12. Kh1 h6 13. Ne4 Be6 14. Ba3 Re8 15. c4 Rb8 16. Qa4 Bd7 17. Qd1 Qc8 18. e3 Bh3 19. Nc3 Ne7 20.
Qh5 Bxg2+ 21. Kxg2 Ba5 22. Bxe7 Bxc3 23. Bb4 Bxb4 24. Rxb4 c5 25. Rb2 Qc6+ 26. Kg1 Rbd8 27. Rd1 Rd6 28.
e4 Qd7 29. Qe2 Rd8 30. Rb3 Rd4 31. Rc3 b5 32. cxb5 Qxb5 33. Rdc1 Rxd3 34. Rxd3 Rxd3 35. Qc2 Rd4 36. Qxc5 Rd1+ 37.
Kg2 Qf1+ 38. Kf3 Rxc1 0-1

[Event "Swedish Chess Championship 2019: Weekend 1"]
[Site "Stiga Sports Arena, Arenatorget 1, Eskilstuna, Sweden"]
[Date "2019.07.07"]
[Round "5.6"]
[White "Eriksson, Joel"]
[Black "Wallgren, Ulf"]
[Result "1/2-1/2"]
[TimeControl "90 minutes + 30 seconds per move from move one"]
[WhiteFideId "1729233"]
[BlackFideId "1706527"]
[WhiteElo "1998"]
[BlackElo "2013"]

1. e4 d5 2. exd5 Qxd5 3. Nf3 Bg4 4. Be2 Nc6 5. d4 O-O-O 6. Be3 Nf6 7. Nbd2 e6 8. h3 Bh5 9. O-O h6 10.
c4 Qf5 11. a3 g5 12. Qa4 g4 13. Nh4 Qh7 14. d5 exd5 15. cxd5 Nxd5 16. Bxg4+ Bxg4 17. Qxg4+ Kb8 18. Ndf3 Nxe3 19.
fxe3 Bc5 20. Rae1 Rhe8 21. Nf5 Ne5 22. Nxe5 Rxe5 23. Nd4 Rde8 24. Kh1 Bxd4 25. Qxd4 f5 26. Rd1 Qe7 27. Rd3 b6 28.
Rf3 1/2-1/2

[Event "Swedish Chess Championship 2019: Weekend 1"]
[Site "Stiga Sports Arena, Arenatorget 1, Eskilstuna, Sweden"]
[Date "2019.07.07"]
[Round "5.7"]
[White "Mitra, Akash"]
[Black "Thollin, Robert"]
[Result "0-1"]
[TimeControl "90 minutes + 30 seconds per move from move one"]
[WhiteFideId "1726714"]
[BlackFideId "1701630"]
[WhiteElo "1957"]
[BlackElo "1983"]

1. e4 d6 2. d4 Nf6 3. Nc3 g6 4. f4 Bg7 5. Nf3 c5 6. dxc5 Qa5 7. Bd3 Qxc5 8. Qe2 Nc6 9. h3 Nh5 10.
Be3 Ng3 11. Bxc5 Bxc3+ 12. bxc3 Nxe2 13. Kxe2 dxc5 14. g4 f6 15. Kf2 Be6 16. f5 Bf7 17. Bb5 O-O-O 18. Bxc6 bxc6 19. Rhe1 Kc7 20.
e5 Bd5 21. exf6 exf6 22. Re7+ Rd7 23. Rae1 Rb8 24. g5 fxg5 25. fxg6 hxg6 26. Rxd7+ Kxd7 27. Ne5+ Kd6 28. Nxg6 Rb2 29.
Re2 Rxa2 30. Ne5 Ra1 31. Nf3 Bxf3 32. Kxf3 a5 33. Kg4 Rg1+ 34. Kf3 c4 35. Re8 Rc1 36. Ra8 Rxc2 37. Rxa5 Rxc3+ 38. Kf2 Rxh3 39. Rxg5 Rd3 40. Ke2 Rd5 41. Rg1 Kc5 42. Rb1 c3 43. Rh1 Kc4 44. Rb1 c2 45. Rb6 c1=Q 0-1

[Event "Swedish Chess Championship 2019: Weekend 1"]
[Site "Stiga Sports Arena, Arenatorget 1, Eskilstuna, Sweden"]
[Date "2019.07.07"]
[Round "5.8"]
[White "Johansson, Roy"]
[Black "Johansson, Mathias"]
[Result "1/2-1/2"]
[TimeControl "90 minutes + 30 seconds per move from move one"]
[WhiteFideId "1745972"]
[BlackFideId "1723324"]
[WhiteElo "1932"]
[BlackElo "1912"]

1. d4 d5 2. Bf4 e6 3. e3 c5 4. c3 Nc6 5. Nf3 Nf6 6. Ne5 Bd6 7. Bg3 O-O 8. Nd2 Qc7 9. f4 Ne4 10.
Bd3 Nxd2 11. Qxd2 f6 12. Nxc6 bxc6 13. O-O c4 14. Bc2 f5 1/2-1/2

[Event "Swedish Chess Championship 2019: Weekend 1"]
[Site "Stiga Sports Arena, Arenatorget 1, Eskilstuna, Sweden"]
[Date "2019.07.07"]
[Round "5.9"]
[White "Bjornvall, Tord"]
[Black "Berglund, Nils-Erik"]
[Result "1-0"]
[TimeControl "90 minutes + 30 seconds per move from move one"]
[WhiteFideId "1716557"]
[BlackFideId "1710494"]
[WhiteElo "1997"]
[BlackElo "1926"]

1. e4 e6 2. Nc3 d5 3. Nf3 dxe4 4. Nxe4 Be7 5. d4 Nf6 6. Bd3 Bd7 7. Ne5 Bc6 8. Nxc6 Nxc6 9. c3 Qd5 10.
Qe2 O-O 11. O-O Rab8 12. f4 g6 13. Ng5 Rfd8 14. Bc4 Qf5 15. Nxe6 Rd7 16. Ng5 Nd5 17. g4 Qf6 18. f5 1-0

[Event "Swedish Chess Championship 2019: Weekend 1"]
[Site "Stiga Sports Arena, Arenatorget 1, Eskilstuna, Sweden"]
[Date "2019.07.07"]
[Round "5.10"]
[White "Wallenas, Joakim"]
[Black "Svedberg, Hans"]
[Result "0-1"]
[TimeControl "90 minutes + 30 seconds per move from move one"]
[WhiteFideId "1728458"]
[BlackFideId "1705113"]
[WhiteElo "1991"]
[BlackElo "1993"]

1. e4 c5 2. Nf3 d6 3. d4 cxd4 4. Nxd4 Nf6 5. Nc3 a6 6. Bc4 e6 7. Be3 Bd7 8. O-O b5 9. Bd3 Nc6 10.
f4 b4 11. Nce2 Ng4 12. Nxc6 Bxc6 13. Bd4 e5 14. Ng3 Qh4 15. h3 Qxg3 16. hxg4 exd4 17. g5 Be7 18. Qh5 g6 19. Qh6 Bf8 20.
Qh1 Qe3+ 21. Rf2 Bg7 22. Kf1 Qg3 23. Rf3 Qg4 24. Ke2 h6 25. gxh6 Rxh6 26. Qg1 f5 27. Kd2 fxe4 28. Re1 d5 29.
Rf2 Kd8 30. Rfe2 Qxf4+ 31. Kd1 Qg4 32. Kc1 Rh8 33. c3 bxc3 34. bxc3 Qg5+ 35. Kd1 exd3 36. Re6 Ba4# 0-1

[Event "Swedish Chess Championship 2019: Weekend 1"]
[Site "Stiga Sports Arena, Arenatorget 1, Eskilstuna, Sweden"]
[Date "2019.07.07"]
[Round "5.11"]
[White "Eriksson, Hans"]
[Black "Forsberg, Andre"]
[Result "1-0"]
[TimeControl "90 minutes + 30 seconds per move from move one"]
[WhiteFideId "1737040"]
[BlackFideId "1724193"]
[WhiteElo "1936"]
[BlackElo "1982"]

1. e4 e5 2. Nf3 Nc6 3. Bc4 Bc5 4. c3 Nf6 5. d3 d6 6. Bb3 a6 7. O-O h6 8. Re1 O-O 9. h3 Ba7 10.
Nbd2 Nh5 11. Nf1 Qf6 12. Be3 Nf4 13. Bxa7 Rxa7 14. Ng3 g6 15. d4 h5 16. Re3 h4 17. Ne2 g5 18. Nxf4 exf4 19.
e5 Qh6 20. Re1 g4 21. hxg4 Bxg4 22. Qd3 h3 23. Nh2 hxg2 24. Kxg2 f3+ 25. Kg3 Qh3+ 26. Kf4 dxe5+ 27. dxe5 Rd8 28.
Qg6+ Kh8 29. Qf6+ Kh7 30. Nxg4 Rg8 31. Bc2+ Rg6 32. Bxg6+ fxg6 33. Rh1 1-0

[Event "Swedish Chess Championship 2019: Weekend 1"]
[Site "Stiga Sports Arena, Arenatorget 1, Eskilstuna, Sweden"]
[Date "2019.07.07"]
[Round "5.12"]
[White "Johansson, Sven"]
[Black "Nyberg, Stefan"]
[Result "1-0"]
[TimeControl "90 minutes + 30 seconds per move from move one"]
[WhiteFideId "1716301"]
[BlackFideId "1737171"]
[WhiteElo "1927"]
[BlackElo "1921"]

1. d4 d5 2. Bf4 Nf6 3. e3 e6 4. c3 Be7 5. Nf3 O-O 6. Nbd2 b6 7. Bd3 Ba6 8. Bxa6 Nxa6 9. Qe2 Nb8 10.
Ne5 Nfd7 11. Ndf3 f6 12. Nd3 Bd6 13. O-O Re8 14. Rad1 Nf8 15. Rfe1 Ng6 16. Bg3 Bxg3 17. hxg3 Qe7 18.
e4 Nd7 19. Qc2 Qf7 20. Re2 c5 21. exd5 exd5 22. Rde1 Rxe2 23. Qxe2 Kf8 24. Qe6 Qxe6 25. Rxe6 Ne7 26. Rd6 Ke8 27.
Nf4 Nf8 28. Nxd5 Nf5 29. Nc7+ Ke7 30. Rd5 Rc8 31. dxc5 Rxc7 32. cxb6 axb6 33. Rxf5 Ne6 34. Rb5 Rc6 35. Nd4 Nxd4 36.
cxd4 Rd6 37. Kf1 Kd7 38. Ke2 Kc6 39. Rb4 b5 40. Kd3 f5 41. a4 bxa4 42. Rxa4 Kb6 43. b4 Rd7 44. Ra5 g6 45.
Kc4 Rc7+ 46. Rc5 Ra7 47. d5 1-0